 Dungeon Crawl Stone Soup version 0.29.0-11-gd7f09526c8 (webtiles) character file.

Game seed: 3557442479241661143

37 pacmanke6689 the Slasher (level 3, -1/21 HPs)
             Began as a Tengu Gladiator on Sept 6, 2022.
             Slain by a gnoll
             ... wielding a +0 spear
              (7 damage)
             ... on level 2 of the Dungeon.
             The game lasted 00:02:13 (1410 turns).

pacmanke6689 the Slasher (Tengu Gladiator)          Turns: 1410, Time: 00:02:14

Health: -1/21      AC:  3    Str: 16    XL:     3   Next: 41%
Magic:  4/4        EV: 13    Int:  8    God:
Gold:   126        SH:  0    Dex: 15    Spells: 2/2 levels left

rFire   . . .      SeeInvis .   a - +0 long sword
rCold   . . .      Faith    .   (no shield)
rNeg    . . .      Spirit   .   b - +0 leather armour
rPois   .          Reflect  .   c - +0 hat
rElec   .          Harm     .   (no cloak)
rCorr   .          Rampage  .   (no gloves)
Will    .....                   (boots unavailable)
Stlth   +.........              (no amulet)
HPRegen 0.07/turn               (no ring)
MPRegen 0.09/turn               (no ring)

@: no status effects
A: beak, talons 3
a: no special abilities


You were on level 2 of the Dungeon.
You visited 1 branch of the dungeon, and saw 2 of its levels.

You collected 126 gold pieces.

Inventory:

Hand Weapons
 a - a +0 long sword (weapon)
Missiles
 e - a javelin (quivered)
Armour
 b - a +0 leather armour (worn)
 c - a +0 hat (worn)
Jewellery
 n - a ring of ice
 p - a ring of positive energy
Wands
 m - a wand of polymorph (14)
Scrolls
 d - a scroll of noise {unknown}
 h - a scroll of magic mapping {unknown}
 k - a scroll of identify {unknown}
 q - a scroll of blinking {unknown}
 r - a scroll of butterflies {unknown}
Potions
 f - 2 potions of curing {unknown}
 g - 2 potions of attraction {unknown}
 i - a potion of haste {unknown}
 j - a potion of might {unknown}
 l - 2 potions of heal wounds {unknown}
 o - a potion of resistance {unknown}


   Skills:
 + Level 2.3 Fighting
 + Level 3.8 Long Blades
 + Level 2.1 Throwing
 + Level 1.2 Armour
 + Level 3.6 Dodging
 + Level 0.3 Stealth


You had 2 spell levels left.
You didn't know any spells.
Your spell library contained the following spells:

 Spells                   Type           Power      Damage    Failure   Level
 Sandblast                Erth           0%         2d4       47%         1
 Passwall                 Tmut/Erth      0%         N/A       63%         2
 Stone Arrow              Conj/Erth      0%         3d7       85%         3
 Fulminant Prism          Conj/Hex       0%         3d6       99%         4
 Iskenderun's Mystic Bla  Conj/Tloc      0%         2d3       99%         4
 Lee's Rapid Deconstruct  Erth           0%         3d5*      100%        5


Dungeon Overview and Level Annotations

Branches:
Dungeon (2/15)

Altars:
Kikubaaqudgha


Innate Abilities, Weirdness & Mutations

You have a beak for a mouth.
You have claws for feet.


Message History

There is an open door here.
Found a stone staircase leading down.
q - a scroll labelled YCEOHO MUASSO
r - a scroll labelled CERURA ATRONOKA A kobold comes into view.
It is wielding a +0 short sword.
A kobold is nearby!
The kobold shouts!
There is a stone staircase leading down here.
The kobold closely misses you.
You slash the kobold!
You kill the kobold!
Things that are here:
a +0 short sword; 4 stones; a kobold corpse A gnoll comes into view.
It is wielding a +0 whip.
The gnoll shouts!
You hear a shout!
A gnoll comes into view. It is wielding a +0 spear.
You hear a shout!
There are monsters nearby!
Found a ruby potion.
A gnoll comes into view. It is wielding a +0 club.
The gnoll throws a throwing net.
The throwing net closely misses you.
A gnoll comes into view. It is wielding a +0 whip.
The gnoll moves out of view.
The gnoll throws a throwing net.
The throwing net hits you.
You become entangled in the net!
The gnoll closely misses you.
You see here a throwing net.
You struggle against the net.
The gnoll hits you with a +0 whip.
You tear a large gash into the net.
The gnoll hits you from afar with a +0 spear.
The gnoll hits you with a +0 whip.
You rip the net and break free!
The gnoll misses you. The gnoll closely misses you.
You closely miss the gnoll. Your peck misses the gnoll.
The gnoll completely misses you. The gnoll misses you.
The gnoll hits you with a +0 whip.
* * * LOW HITPOINT WARNING * * *
You closely miss the gnoll. You claw the gnoll. You peck the gnoll.
The gnoll is almost dead.
The gnoll hits you from afar with a +0 spear!
You die...

## #.# #.#
.+
#.########.#
##
#..........#
#.##########
##.# #.(#
##.## ###..#
#g@.##
......g###
.....g.
....$..
..!....
..g....
.......
.......


You could see 4 gnolls.

Vanquished Creatures
  An adder (D:2)
  5 ball pythons
  3 endoplasms
  A giant cockroach (D:1)
  A goblin (D:2)
  2 hobgoblins (D:1)
  2 jackals (D:2)
  2 bats (D:1)
  5 kobolds
  5 rats
27 creatures vanquished.

Notes
Turn   | Place    | Note
-------+----------+-------------------------------------------
     0 | D:1      | pacmanke6689 the Tengu Gladiator began the quest for the
                  | Orb.
     0 | D:1      | Reached XP level 1. HP: 12/12 MP: 2/2
   423 | D:1      | Reached XP level 2. HP: 17/17 MP: 3/3
   620 | D:1      | Found a faded altar of an unknown god.
   776 | D:2      | Found an ancient bone altar of Kikubaaqudgha.
   875 | D:2      | Reached skill level 1 in Armour
   876 | D:2      | Reached XP level 3. HP: 10/21 MP: 4/4
  1410 | D:2      | Slain by a gnoll

Illustrated notes

Levels and vault maps discovered:
D:1:      psy_arrival_basics, layout_basic, ebering_ecumenical_altar_petrified
D:2:      layout_basic, basic_altar

Skill      XL: |  1  2 |
---------------+-------+-----
Armour         | 1 |  1.2
Fighting       | |  2.3
Long Blades    | |  3.8
Throwing       | |  2.1
Dodging        | |  3.6
Stealth        | |  0.3

Action                   || total
-------------------------++-------
Melee: Long sword        ||    46
       Kick              ||     4
       Peck              ||     4
Throw: Throwing net      ||     8
       Javelin           ||     1
 Stab: Held in net/web   ||     2
Armor: Leather armour    ||     9
Dodge: Dodged            ||    35
